 Dungeon Crawl Stone Soup version 0.14-a0-1403-g5d3c58f (webtiles) character file.

215 PolkaDot the Cutter (level 4, -8/33 HPs)
             Began as a Vampire Death Knight on Dec 10, 2013.
             Was a Believer of Yredelemnul.
             Mangled by an orc
             ... wielding a -1,+1 orcish morningstar
              (12 damage)
             ... on Level 4 of the Dungeon.
             The game lasted 00:04:13 (1979 turns).

PolkaDot the Cutter (Vampire Death Knight)          Turns: 1979, Time: 00:04:13

HP  -8/33        AC  5     Str 12      XL: 4   Next:  0%
MP   5/5         EV 10     Int 13      God: Yredelemnul [**....]
Gold 148         SH  0     Dex 14      Spells:  0 memorised,  3 levels left

rFire  . . .     SeeInvis +     a - +1 short sword
rCold  . . .     Clarity  .     b - +0 leather armour
rNeg   + . .     Conserve .     (no shield)
rPois  .         rCorr    .     (no helmet)
rElec  .         rRot     .     l - +0 elf cloak
SustAb . .       Spirit   .     p - +0 pair of gloves
rMut   +         Warding  .     (no boots)
Saprov . . .     Stasis   .     q - amulet of resist mutation {unknown}
                                (no ring)
                                (no ring)

@: slightly resistant to hostile enchantments, unstealthy
A: fangs 3, see invisible, unbreathing
a: Bat Form, Animate Remains, Recall Undead Slaves, Injury Mirror, Renounce
Religion


You were on level 4 of the Dungeon.
You worshipped Yredelemnul.
Yredelemnul was pleased with you.
You were not thirsty.

You visited 1 branch of the dungeon, and saw 4 of its levels.

You collected 148 gold pieces.

Inventory:

Hand weapons
 a - a +1,+1 short sword (weapon)
Armour
 b - a +0 leather armour (worn)
 j - a +0 buckler
 l - a +0 elven cloak (worn)
 p - a +0 pair of gloves (worn)
Scrolls
 e - 3 scrolls of identify {unknown}
 n - 4 scrolls of remove curse {unknown}
 o - a scroll of magic mapping {unknown}
 r - a scroll of recharging {unknown}
 s - a scroll of blinking
Jewellery
 q - an amulet of resist mutation (around neck) {unknown}
Potions
 c - a potion of paralysis {unknown}
 d - 2 potions of agility {unknown}
 f - a potion of magic {unknown}
 g - a potion of restore abilities {unknown}
 h - 2 potions of flight {unknown}
 i - a potion of curing
 k - a potion of invisibility {unknown}
 m - a potion of brilliance {unknown}


   Skills:
 - Level 1.7 Fighting
 * Level 4.7 Short Blades
 - Level 0.7 Armour
 - Level 1.1 Dodging
 - Level 2.4 Invocations


You had 3 spell levels left.
You didn't know any spells.

Dungeon Overview and Level Annotations

Branches:
Dungeon (4/16)
 Temple: D:4-7

Altars:
Trog


Innate Abilities, Weirdness & Mutations

You have razor-sharp teeth.*
You have supernaturally acute eyesight.
You can survive without breathing.*


Message History

You have reached level 4!
The orc hits you with an orcish short sword.
You are too injured to fight recklessly!
Drink which item? (? for menu, Esc to quit)
You feel better.
It was a potion of curing.
The orc hits you with an orcish morningstar.
The orc hits you with an orcish club.
* * * LOW HITPOINT WARNING * * *
The orc closely misses you.
Drink which item? (? for menu, Esc to quit)
You feel better. The orc hits you with an orcish club.
The orc hits you with an orcish morningstar!
* * * LOW HITPOINT WARNING * * *
The phantom blinks!
The orc closely misses you.
Drink which item? (? for menu, Esc to quit)
You feel better. The orc hits you with an orcish club.
* * * LOW HITPOINT WARNING * * *
The orc hits you with an orcish morningstar!
You die...
Yredelemnul claims you as an undead slave.

# ..G. ####.... #
#.....<#
..##......#
#.........#
#.%.#.....#
##...#o)o..#
#......@o.##
#..........#...
##.......p.......
####....!..........
...................
...................
..................
..................
..................


You could see a phantom, a giant eyeball and 3 orcs.

Vanquished Creatures
  An orc wizard (D:4)
  An adder (D:3)
  2 giant geckos (D:1)
  3 bats
  6 hobgoblins
  10 kobolds
  2 giant cockroaches (D:1)
  4 giant newts
  2 goblins
  4 rats
35 creatures vanquished.

Notes
Turn   | Place    | Note
--------------------------------------------------------------
     0 | D:1      | PolkaDot, the Vampire Death Knight, began the quest for the Orb.
     0 | D:1      | Reached XP level 1. HP: 16/16 MP: 1/1
    94 | D:1      | Reached skill level 3 in Short Blades
   112 | D:1      | Reached XP level 2. HP: 13/22 MP: 2/2
   699 | D:2      | Found a bloodstained altar of Trog.
  1059 | D:2      | Reached XP level 3. HP: 22/27 MP: 4/4
  1255 | D:3      | Reached skill level 4 in Short Blades
  1973 | D:4      | Noticed a phantom
  1976 | D:4      | Acquired Yredelemnul's second power
  1976 | D:4      | Reached XP level 4. HP: 13/33 MP: 5/5
  1979 | D:4      | Mangled by an orc

Action                   |  1- 3 |  4- 6 || total
-------------------------+-------+-------++-------
Melee: Short sword       |    92 |       ||    92
Invok: Animate Remains   |     8 |       ||     8
  Use: Potion            |     1 |     3 ||     4
       Scroll            |     4 |       ||     4
 Stab: Sleeping          |     1 |       ||     1
